 Dungeon Crawl Stone Soup version 0.27.1-33-g824d729ab1 (webtiles) character file.

Game seed: 5630617395751227809

59686 McKennaii the Destroyer (level 14, 0/100 HPs)
             Began as a Demigod Conjurer on Dec 4, 2021.
             Slain by a bone dragon (3 damage)
             ... on level 2 of the Abyss.
             The game lasted 00:32:29 (13774 turns).

McKennaii the Destroyer (Demigod Conjurer)         Turns: 13774, Time: 00:32:29

Health: 0/100      AC: 12    Str:  8    XL:     14   Next: 18%
Magic:  12/42      EV: 15    Int: 36    God:
Gold:   356        SH:  5    Dex: 12    Spells: 27/34 levels left

rFire    + + +     SeeInvis .   v - +3 Elemental Staff {rElec rF++ rC++ Will++ AC+5}
rCold    + + .     Faith    .   I - +0 buckler
rNeg     . . .     Spirit   .   h - +0 steam dragon scales
rPois    .         Reflect  .   j - +0 helmet
rElec    +         Harm     .   (no cloak)
rCorr    .         Rampage  .   (no gloves)
Will     +++..                  t - +0 pair of boots
Stlth    ++++......             F - amulet of magic regeneration
HPRegen  0.00/turn              f - ring of protection from fire
MPRegen  0.53/turn              a - ring of magical power

@: diseased
A: high mp 1, forlorn
a: no special abilities


You were on level 2 of the Abyss.
You visited 1 branch of the dungeon, and saw 10 of its levels.
You visited the Abyss 1 time.
You also visited: Bailey.

You collected 636 gold pieces.
You spent 280 gold pieces at shops.

Inventory:

Hand Weapons
 v - the +3 Elemental Staff (weapon) {rElec rF++ rC++ Will++ AC+5}
   (You acquired it on level 2 of the Abyss)

   If the wielder is skilled in Evocations, they can discharge powerful blasts
   of elemental energy when striking with it.
   It enhances your fire, ice, earth and air magic.
   AC:        It affects your AC (+5).
   rF:        It greatly protects you from fire.
   rC:        It greatly protects you from cold.
   rElec:     It insulates you from electricity.
   Will:      It greatly increases your willpower.
 x - a +1 scimitar of flaming
 J - a +2 vorpal glaive
Armour
 h - +0 steam dragon scales (worn)
 j - a +0 helmet (worn)
 t - a +0 pair of boots (worn)
 A - the +8 chain mail of Sufficient Knowledge {Drain +Blink Dex+4}
   (You found it on level 2 of the Abyss)

   Dex:       It affects your dexterity (+4).
   +Blink:    It lets you blink.
   Drain:     It drains your maximum health when unequipped.
 I - a +0 buckler (worn)
Jewellery
 a - a ring of magical power (right hand)
 c - a +6 ring of dexterity
 f - a ring of protection from fire (left hand)
 o - a ring of flight
 p - a +6 ring of strength
 F - an amulet of magic regeneration (around neck)
Wands
 d - a wand of digging (4)
 u - a wand of acid (5)
Scrolls
 b - a scroll of silence
 e - 4 scrolls of amnesia
 g - a scroll of blinking
 l - a scroll of brand weapon
 r - 3 scrolls of enchant weapon
 w - 4 scrolls of enchant armour
 y - 4 scrolls of fog
 C - a scroll of fear
 D - 2 scrolls of vulnerability {unknown}
 E - 2 scrolls of noise {unknown}
 K - a scroll of immolation {unknown}
Potions
 i - a potion of mutation
 k - 4 potions of curing
 m - 2 potions of ambrosia
 n - a potion of might
 q - a potion of heal wounds
 s - a potion of haste {unknown}
 z - 2 potions of degeneration {unknown}
 B - a potion of magic
 G - a potion of lignification {unknown}


   Skills:
 - Level 2.6 Fighting
 + Level 1.3 Armour
 + Level 9.1 Dodging
 - Level 7.6 Stealth
 - Level 4.0 Shields
 - Level 10.6 Spellcasting
 + Level 12.7 Conjurations
 - Level 1.0 Hexes
 - Level 1.0 Translocations


You had 27 spell levels left.
You knew the following spells:

 Your Spells              Type           Power      Damage    Failure   Level
a - Magic Dart            Conj           100%       1d8       0%          1
b - Searing Ray           Conj           100%       3d7       1%          2
c - Iskenderun's Mystic   Conj/Tloc      62%        2d13      1%          4

Your spell library contained the following spells:

 Spells                   Type           Power      Damage    Failure   Level
 Apportation              Tloc           52%        N/A       1%          1
 Corona                   Hex            28%        N/A       1%          1
 Conjure Flame            Conj/Fire      78%        6-21      1%          3
 Dazzling Flash           Conj/Hex       100%       N/A       1%          3
 Fulminant Prism          Conj/Hex       31%        3d16      1%          4
 Sticky Flame             Conj/Fire      78%        2d9       1%          4
 Animate Skeleton         Necr           38%        N/A       2%          1
 Summon Small Mammal      Summ           76%        N/A       2%          1
 Ignite Poison            Fire/Tmut/Pois 28%        N/A       7%          3
 Alistair's Intoxication  Tmut/Pois      12%        N/A       52%         5
 Invisibility             Hex            13%        N/A       92%         6


Dungeon Overview and Level Annotations

Branches:
Dungeon (10/15)            Temple (0/1) D:4            Lair (0/6) D:8
 Bailey (visited)
    Orc: D:9-12

Shops:
D:4 :   D:9 **


Innate Abilities, Weirdness & Mutations

Your attributes grow dramatically as you level up.
You have an increased reservoir of magic. (+10% MP)
You shall have no god before yourself.


Message History

Unknown command.
Casting: Iskenderun's Mystic Blast (mildly dangerous; 1% risk of failure)
Confirm with . or Enter, or press ? or * to list all spells.
You erupt in a blast of force!
The mystic blast hits the bone dragon.
The bone dragon is moderately damaged.
The bone dragon is knocked back by the mystic blast.
Unknown command.
You feel much better.
Unknown command.
Casting: Iskenderun's Mystic Blast (mildly dangerous; 1% risk of failure)
Confirm with . or Enter, or press ? or * to list all spells.
You erupt in a blast of force!
The mystic blast hits the bone dragon but does no damage.
The bone dragon is moderately damaged.
The bone dragon bites you!
* * * LOW HITPOINT WARNING * * *
You block the bone dragon's attack.
The bone dragon tramples you but does no damage.
Casting: Iskenderun's Mystic Blast (mildly dangerous; 1% risk of failure)
Confirm with . or Enter, or press ? or * to list all spells.
You erupt in a blast of force!
The mystic blast hits the bone dragon but does no damage.
The bone dragon is moderately damaged.
A water elemental comes into view.
The bone dragon bites you!!
* * * LOW HITPOINT WARNING * * *
The bone dragon closely misses you.
The bone dragon tramples you but does no damage.
Unknown command.
Casting: Iskenderun's Mystic Blast (mildly dangerous; 1% risk of failure)
Confirm with . or Enter, or press ? or * to list all spells.
You erupt in a blast of force!
The mystic blast hits the water elemental!!
The water elemental is almost destroyed.
The water elemental is knocked back by the mystic blast.
The mystic blast hits the bone dragon but does no damage.
The bone dragon is moderately damaged.
Something shouts, "Crawl home, thou gorbellied doghearted scut!"
You block the bone dragon's attack. The bone dragon claws you.
You die...

. X . .#
.#.#.## #
. #[ ## #
..# .##..
#. . #
#.## #..
..## # x .
#
##.####.E#
#
#.....D..#
.#
.#.##@## #
..# ..####
# # ####
### E ## .
...# . #..
. ## ≈ .#
.##.# #[ .
#. .#.# #
# #.. ..#
. # # .
..#


You could see a bone dragon and a water elemental.

Vanquished Creatures
  An orc warlord (Bailey)
  An ettin (D:10)
  Snorg (D:10)
  Erica (D:8)
  A two-headed ogre (D:8)
  A thrashing horror (Abyss:2)
  2 large abominations (Abyss:2)
  A cyclops (D:10)
  An ancient zyme (Abyss:2)
  2 kobold demonologists (D:6)
  A water elemental (Abyss:2)
  A wraith (D:10)
  A shadow (D:10)
  A fire bat (Abyss:2)
  3 steam dragons
  3 wargs (D:8)
  A water moccasin (D:7)
  6 orc warriors
  A black bear (D:8)
  2 sky beasts (D:7)
  A necrophage (D:4)
  3 ogres
  2 phantoms
  3 kobold brigands
  Blork the orc (D:6)
  3 bullfrogs (D:8)
  A gnoll sergeant (D:9)
  A wyvern zombie (D:6)
  2 scorpions
  6 killer bees
  3 howler monkeys (D:9)
  7 wights
  A centaur skeleton (D:7)
  3 centaur zombies
  3 hounds
  6 orc priests
  2 jellies (D:4)
  2 iguanas
  8 orc wizards
  A hound skeleton (D:4)
  A howler monkey zombie (D:9)
  13 gnolls
  4 adders
  3 shadow imps
  2 white imps
  A worm (D:2)
  2 dart slugs
  42 orcs
  4 ball pythons
  6 endoplasms
  2 giant cockroaches
  17 goblins
  12 hobgoblins
  8 jackals
  27 kobolds
  3 quokkas
  5 bats
  A bat simulacrum (Abyss:2)
  2 frilled lizards (D:1)
  7 rats
253 creatures vanquished.

Vanquished Creatures (others)
  A two-headed ogre (D:10)
  An orc warrior (D:10)
  3 centaurs (D:10)
  A gnoll shaman (D:10)
  2 orc wizards (D:10)
8 creatures vanquished.

Grand Total: 261 creatures vanquished

Notes
Turn   | Place    | Note
-------+----------+-------------------------------------------
     0 | D:1      | McKennaii the Demigod Conjurer began the quest for the Orb.
     0 | D:1      | Reached XP level 1. HP: 14/14 MP: 5/5
   474 | D:1      | Reached XP level 2. HP: 20/20 MP: 5/8
  1345 | D:2      | Reached XP level 3. HP: 26/26 MP: 6/10
  1713 | D:2      | Learned a level 2 spell: Searing Ray
  2578 | D:3      | Reached XP level 4. HP: 22/33 MP: 5/12
  2831 | D:4      | HP: 1/33 [orc (5)]
  3166 | D:4      | Found Keejiur's Book Shoppe.
  3519 | D:4      | Reached XP level 5. HP: 38/38 MP: 9/15
  3814 | D:4      | Reached skill level 5 in Spellcasting
  4060 | D:4      | Found a staircase to the Ecumenical Temple.
  4071 | D:4      | Noticed a necrophage
  4079 | D:4      | Killed a necrophage
  4080 | D:4      | Reached XP level 6. HP: 35/45 MP: 8/17
  4206 | D:4      | Reached skill level 4 in Conjurations
  4537 | D:5      | Entered Level 5 of the Dungeon
  4551 | D:5      | Reached skill level 5 in Conjurations
  4610 | D:5      | Reached XP level 7. HP: 43/50 MP: 10/19
  4866 | D:5      | Reached skill level 6 in Conjurations
  5020 | D:5      | You are sucked into a shaft and drop 1 floor!
  5547 | D:6      | Noticed Blork the orc
  5555 | D:6      | Killed Blork the orc
  5728 | D:6      | Noticed a kobold demonologist
  5729 | D:6      | Noticed a hellwing
  6009 | D:6      | Noticed a kobold demonologist
  6014 | D:6      | Killed a kobold demonologist
  6015 | D:6      | Reached skill level 7 in Conjurations
  6015 | D:6      | Reached XP level 8. HP: 57/57 MP: 9/20
  6098 | D:6      | Learned a level 4 spell: Iskenderun's Mystic Blast
  6421 | D:6      | Reached skill level 8 in Conjurations
  7239 | D:6      | Noticed a sixfirhy
  7242 | D:6      | Killed a kobold demonologist
  7243 | D:6      | Reached skill level 9 in Conjurations
  7732 | D:7      | Found a flagged portal.
  7787 | Bailey   | Entered a bailey
  7792 | Bailey   | Noticed an orc warlord
  7937 | Bailey   | Learned a level 4 spell: Fulminant Prism
  8082 | Bailey   | Found a runed translucent gate.
  8084 | Bailey   | Found a runed translucent gate.
  8086 | Bailey   | Found a runed translucent gate.
  8482 | Bailey   | Killed an orc warlord
  8483 | Bailey   | Reached skill level 10 in Conjurations
  8483 | Bailey   | Reached skill level 1 in Hexes
  8483 | Bailey   | Reached skill level 1 in Translocations
  8483 | Bailey   | Reached XP level 9. HP: 37/62 MP: 0/24
  8642 | Bailey   | Identified the +2 ring mail of the Monk {*Slow rElec Dex+3}
  9869 | D:8      | Reached XP level 10. HP: 58/69 MP: 26/26
  9885 | D:8      | Noticed a two-headed ogre
 10233 | D:8      | Killed a two-headed ogre
 10234 | D:8      | Reached skill level 11 in Conjurations
 10296 | D:8      | Noticed Erica
 10307 | D:8      | Killed Erica
 10584 | D:8      | Reached skill level 12 in Conjurations
 10671 | D:8      | Found a staircase to the Lair.
 10778 | D:8      | Identified the +4 short sword "Saner" {venom, rElec rC+ rN+
                  | rCorr}
 11043 | D:9      | Found Kulosasod's Changing Room.
 11416 | D:9      | Found Ivanelit's General Store.
 11425 | D:9      | Bought a potion of heal wounds for 85 gold pieces
 11425 | D:9      | Bought a scroll of fog for 34 gold pieces
 11425 | D:9      | Bought a scroll of enchant armour for 127 gold pieces
 11425 | D:9      | Bought a scroll of identify for 34 gold pieces
 12294 | D:10     | Entered Level 10 of the Dungeon
 12365 | D:10     | Noticed an ettin
 12379 | D:10     | Killed an ettin
 12379 | D:10     | Noticed a cyclops
 12482 | D:10     | Killed a cyclops
 12535 | D:10     | Reached XP level 11. HP: 31/74 MP: 19/29
 12617 | D:10     | Killed a two-headed ogre
 12845 | D:10     | Noticed Snorg
 13157 | D:10     | Killed Snorg
 13158 | D:10     | Reached skill level 1 in Shields
 13428 | D:10     | Noticed a wizard
 13429 | D:10     | Reached skill level 10 in Spellcasting
 13430 | D:10     | Cast into level 2 of the Abyss (a wizard)
 13475 | Abyss:2  | Identified a scroll of acquirement
 13479 | Abyss:2  | Reached XP level 12. HP: 77/81 MP: 30/30
 13480 | Abyss:2  | Reached XP level 13. HP: 89/93 MP: 32/32
 13481 | Abyss:2  | Acquired the +3 Elemental Staff {rElec rF++ rC++ Will++
                  | AC+5}
 13481 | Abyss:2  | Found the +3 Elemental Staff {rElec rF++ rC++ Will++ AC+5}
 13484 | Abyss:2  | Reached XP level 14. HP: 97/100 MP: 33/33
 13546 | Abyss:2  | Identified the +8 chain mail of Sufficient Knowledge {Drain
                  | +Blink Dex+4}
 13565 | Abyss:2  | Noticed a profane servitor
 13711 | Abyss:2  | Noticed a tentacled starspawn
 13764 | Abyss:2  | Reached skill level 1 in Armour
 13764 | Abyss:2  | Noticed a bone dragon
 13773 | Abyss:2  | HP: 3/100 [bone dragon (24)]
 13774 | Abyss:2  | Slain by a bone dragon

Illustrated notes

Levels and vault maps discovered:
D:1:      ebering_trefoil_twist, layout_basic,
          hellmonk_ecumenical_altar_prayer_group
D:2:      layout_rooms, hangedman_abyss_or_decor_stabs, minmay_door_square,
          chequers_decorated_corner
D:3:      layout_basic
D:4:      layout_basic, minmay_temple_entry_statues_fountains, serial_shops,
          nicolae_shop_temple_entry_statues_fountains, kennysheep_generic_room_4
D:5:      layout_basic, nicolae_elyvilon_peaceful_grove
D:6:      layout_basic, hangedman_decor_push, hex_medium, uniq_blork_the_orc
D:7:      layout_cave_pools, lightli_bailey_entry_fortress
D:8:      layout_rooms, erik_lair_orcish_takeover, grunt_ministairs_8,
          nrook_mini_backslash, uniq_erica
D:9:      layout_grid_maze, chequers_temple_overflow_statue_of_worship,
          serial_shops, shop, serial_bayou_pond_d, minmay_misc_feat_roman,
          nicolae_transmutations_shop, corexii_checkpoint_a,
          amcnicky_mini_pool_small
D:10:     minmay_chopped_fan, layout_layer_cave, xom_confusion_cloud,
          david_orc_4, enter_trove_3, minmay_misc_feat_ornament, uniq_snorg
Abyss:2:  base: D:2, hangedman_abyss_monster_moat, evilmike_abyss_exit_5,
          hangedman_abyss_river_spirits

Skill      XL: |  1  2  3  4  5  6  7  8  9 10 11 12 13 14 |
---------------+-------------------------------------------+-----
Spellcasting   | 2 3 4 5 6 7 8 9 10 | 10.6
Conjurations   | 5 7 10 12 | 12.7
Hexes          | 1 |  1.0
Translocations | 1 |  1.0
Dodging        | 4 8 9 |  9.1
Shields        | 2 3 4 |  4.0
Fighting       | 2 |  2.6
Stealth        | 7 |  7.6
Armour         | 1 |  1.3

Action                   |  1- 3 |  4- 6 |  7- 9 | 10-12 | 13-15 || total
-------------------------+-------+-------+-------+-------+-------++-------
Melee: Unarmed           |       |     8 |     1 |       |       ||     9
 Cast: Magic Dart        |   106 |   107 |   178 |    70 |       ||   461
       Searing Ray       |       |     9 |    62 |    40 |     2 ||   113
       Iskenderun's Myst |       |       |       |    25 |    23 ||    48
Evoke: Wand              |       |       |     6 |     3 |       ||     9
  Use: Potion            |       |       |     3 |     2 |     4 ||     9
       Scroll            |       |       |     2 |    10 |     2 ||    14
Armor: Robe              |     1 |     5 |     2 |       |       ||     8
       Steam dragon scal |       |       |     8 |    27 |     8 ||    43
Dodge: Dodged            |    14 |    32 |    35 |    20 |    13 ||   114
Block: Buckler           |       |       |       |     4 |     3 ||     7
       Rpst.: Scimitar   |       |       |       |     6 |       ||     6
